 Dungeon Crawl Stone Soup version 0.30-a0-5-g3a90980b9d (webtiles) character file.

Game seed: 15591152852875215038

53 Plasmagod the Trooper (level 3, 0/26 HPs)
             Began as a Gargoyle Fighter on Aug 22, 2022.
             Slain by a gnoll
             ... wielding a +0 spear
              (3 damage)
             ... on level 2 of the Dungeon.
             The game lasted 00:00:42 (381 turns).

Plasmagod the Trooper (Gargoyle Fighter)             Turns: 381, Time: 00:00:42

Health: 0/26       AC: 10    Str: 21    XL:     3   Next: 89%
Magic:  3/3        EV:  9    Int:  8    God:
Gold:   39         SH:  4    Dex:  9    Spells: 2/2 levels left

rFire   . . .      SeeInvis .    a - +0 war axe
rCold   . . .      Faith    .    c - +0 buckler
rNeg    + . .      Spirit   .    b - +0 scale mail
rPois   ∞          Reflect  .    (no helmet)
rElec   +          Harm     .    (no cloak)
rCorr   .          Rampage  .    (no gloves)
Will    .....                    (no boots)
Stlth   ..........               (no amulet)
HPRegen 0.08/turn                (no ring)
MPRegen 0.08/turn                (no ring)

@: no status effects
A: sickness immunity, AC +3, negative energy resistance 1, electricity
resistance, torment resistance 1, petrification resistance
a: no special abilities


You were on level 2 of the Dungeon.
You visited 1 branch of the dungeon, and saw 2 of its levels.

You collected 39 gold pieces.

Inventory:

Hand Weapons
 a - a +0 war axe (weapon)
Armour
 b - a +0 scale mail (worn)
 c - a +0 buckler (worn)
Scrolls
 e - a scroll of identify {unknown}
 f - a scroll of summoning {unknown}
 h - a scroll of fear {unknown}
Potions
 d - a potion of might
 g - a potion of mutation {unknown}
 i - a potion of haste {unknown}


   Skills:
 + Level 5.1 Fighting
 - Level 1.7 Axes
 - Level 3.2 Armour
 - Level 3.2 Shields


You had 2 spell levels left.
You didn't know any spells.
Your spell library was empty.

Dungeon Overview and Level Annotations

Branches:
Dungeon (1/15)

Altars:


Innate Abilities, Weirdness & Mutations

You are immune to sickness and miasma.
Your stone body is resilient. (AC +3)
You are immune to poison.
You resist negative energy. (rN+)
You are resistant to electric shocks. (rElec)
You are resistant to unholy torment.
You are immune to petrification.


Message History

You slash the gnoll! You block the gnoll's attack.
The gnoll closely misses you. The gnoll hits you with a +0 whip.
The gnoll hits you but does no damage. The gnoll hits you with a +0 whip.
The gnoll closely misses you.
You hit the gnoll.
You kill the gnoll!
You hit the gnoll but do no damage. The gnoll barely misses you.
The gnoll hits you with a +0 whip.
You are too injured to fight recklessly!
You are too injured to fight recklessly!
You are too injured to fight recklessly!
You are too injured to fight recklessly!
You are too injured to fight recklessly!
You are too injured to fight recklessly!
You are too injured to fight recklessly!
You are too injured to fight recklessly!
You are too injured to fight recklessly!
You are too injured to fight recklessly!
You are too injured to fight recklessly!
You are too injured to fight recklessly!
You are too injured to fight recklessly!
You are too injured to fight recklessly!
You hit the gnoll.
The gnoll is severely wounded.
The gnoll hits you but does no damage. x4
You slash the gnoll!
You kill the gnoll!
The gnoll hits you from afar with a +0 spear.
* * * LOW HITPOINT WARNING * * *
Your Fighting skill increases to level 5!
The gnoll hits you with a +0 spear.
* * * LOW HITPOINT WARNING * * *
You see here a +0 whip.
The gnoll hits you but does no damage. The gnoll attacks as you move away!
The gnoll hits you but does no damage. x2
You block the gnoll's attack.
You hit the gnoll.
The gnoll is moderately wounded.
The gnoll hits you with a +0 spear.
You die...

##### #...# #########
#...# #......#.
#####...#######......#.
.......).............#.
####..)########.#####.
#..g# #.# #. #.@.# #.#
#. #...# #####.#####.
########...........
##...#######.#. #.....#
#.#. ########.....#
#.#. .............#
#.#. ......>..###.#
#... ####......##.#
#...


You could see a gnoll.

Vanquished Creatures
  2 gnolls (D:2)
  2 adders (D:2)
  A ball python (D:2)
  A bat (D:2)
  2 endoplasms (D:2)
  A giant cockroach (D:2)
  2 goblins
  2 hobgoblins (D:2)
  A quokka (D:2)
  A kobold (D:2)
  A rat (D:2)
16 creatures vanquished.

Notes
Turn   | Place    | Note
-------+----------+-------------------------------------------
     0 | D:1      | Plasmagod the Gargoyle Fighter began the quest for the Orb.
     0 | D:1      | Reached XP level 1. HP: 14/14 MP: 1/1
    50 | D:1      | You fall into a shaft and drop 1 floor!
   106 | D:2      | Reached skill level 4 in Fighting
   106 | D:2      | Reached XP level 2. HP: 20/20 MP: 2/2
   246 | D:2      | Reached XP level 3. HP: 22/24 MP: 3/3
   377 | D:2      | Reached skill level 5 in Fighting
   381 | D:2      | Slain by a gnoll

Illustrated notes

Levels and vault maps discovered:
D:1:      erik_arrival_blinker_ship, layout_loops_cross
D:2:      layout_basic, kennysheep_pointless_box, minmay_misc_feat_tiny,
          uniq_terence

Skill      XL: |  1  2  3 |
---------------+----------+-----
Fighting       | 4 5 |  5.1
Axes           | |  1.7
Armour         | |  3.2
Shields        | |  3.2

Action                   || total
-------------------------++-------
Melee: War axe           ||    40
Armor: Scale mail        ||    22
Dodge: Dodged            ||    23
Block: Buckler           ||    10

Table legend: (Time is in decaauts)
 A = Elapsed time spent in this place.
 B = Non-inter-level travel time spent in this place.
 C = Inter-level travel time spent in this place.
 D = Time resting spent in this place.
 E = Time spent auto-exploring this place.
 F = Levels seen in this place.
 G = Mean time per level.
                   A        B        C        D        E       F      G
               +--------+--------+--------+--------+--------+-----+--------+
         Total |    398 |    398 |      0 |      0 |    285 |   2 |  199.0 |
       Dungeon |    398 |    398 |      0 |      0 |    285 |   2 |  199.0 |
               +--------+--------+--------+--------+--------+-----+--------+

Top non-repeatable levels by time:
     D:2: 346 daAuts
     D:1: 52 daAuts
